Alex, neutral male human Archeologist ----------- |.........| --- -------- |..........## |. ...... |.<.......| # .- -.....- --------.-- ### |.| |.....| #### |.| |.....+ ### |.| |.....| ##` |.| -+--....d----+----+-- | ###|.--+--+---.....................| #|.............{..d.d.{........... #|.-+---+---....---@--...........| #|.| ----.|....|.------+-- | #|.| |.|....|.| #|.| +.|G._.|.+ #-.| |.|..G@|.| |.------------.------.--------- | |...............................| --------------------------------- Alex the Digger Experience level: 1 Strength: 13 Dexterity: 10 Constitution: 15 Intelligence: 16 Wisdom: 14 Charisma: 8 Health: 0(18) Energy: 2(2) Def: 10 Gold: 0 Moves: 6371 Dungeon seed: mXIrVSrsIGG9D6W7 Game ID: Alex_1690467362 Your Inventory: Weapons a - a blessed +2 bullwhip (alternate weapon; not wielded) b - an uncursed +0 orcish dagger Armor e - an uncursed +0 orcish helm (being worn) n - an uncursed +0 studded leather armor (being worn) r - an uncursed +0 elven cloak (being worn) N - an uncursed +3 pair of iron shoes (being worn) Comestibles p - 3 uncursed eggs A - an uncursed tripe ration G - 4 uncursed tins of leprechaun meat Z - an uncursed tin of iguana meat Scrolls j - an uncursed scroll of remove curse s - a cursed scroll of teleportation u - an uncursed scroll of stinking cloud z - 3 uncursed scrolls of identify D - 2 uncursed scrolls of enchant weapon E - an uncursed scroll of taming I - an uncursed scroll of recall J - a cursed scroll of summoning S - an uncursed scroll of teleportation Spellbooks h - an uncursed spellbook of protection i - an uncursed spellbook of slow monster k - an uncursed spellbook of cure sickness B - an uncursed spellbook of magic mapping H - an uncursed spellbook of create familiar Potions m - an uncursed potion of sickness t - an uncursed potion of confusion w - a cursed potion of levitation x - an uncursed potion of fruit juice K - an uncursed potion of speed O - an uncursed potion of gain level T - an uncursed potion of invisibility Wands F - an uncursed wand of speed monster (0:8) L - an uncursed wand of digging (0:4) Q - an uncursed wand of secret door detection (0:12) Tools c - an uncursed oil lamp (0:1226) d - an uncursed +0 pick-axe (weapon in hand) f - an uncursed tinning kit (0:30) g - an uncursed sack l - an uncursed magic whistle R - 4 blessed tallow candles (0:200) U - 7 uncursed tallow candles (0:200) Gems q - an uncursed touchstone y - an uncursed jacinth stone Y - an uncursed jasper stone Contents of the sack: 7480 gold pieces Spells and supernatural/magical abilities: Name Level Category Cost Memory W - pray for help -- divine ? -- Your skills at the end: Fighting Skills wands [Basic] Weapon Skills pick-axe [Basic] whip [Basic] Spellcasting Skills Final Attributes: You were fervently aligned. You were stealthy. You were fast. You last prayed 515 turns ago. Camaxtli was noncommittal. You are dead. Vanquished creatures: 27 leprechauns 2 gnome kings 4 gnome lords a giant ant a kitten 4 dwarves a kobold lord a giant bat 2 orc zombies a wererat 4 iguanas 4 acid blobs 2 coyotes 3 gas spores 6 hobbits a large kobold 5 hobgoblins 3 giant rats 2 cave spiders 3 brown molds 3 yellow molds 2 green molds a red mold 18 gnomes 6 garter snakes a gnome zombie 6 geckos 13 jackals 2 foxes 4 kobolds 5 goblins 9 sewer rats 11 grid bugs 2 bats 5 lichens a kobold zombie 6 newts 172 creatures vanquished. Voluntary challenges: You used a wielded weapon 2 times, starting on turn 1486. You were a pacifist. You read items or engraved 20 times, starting on turn 3417. You never genocided any monsters. You never polymorphed an object. You never changed form. You used no wishes. You never split a pudding. You wrote Elbereth's name 12 times, starting on turn 4947. You never violated your personal moral code. Dungeon overview: The Dungeons of Doom: levels 1 to 7 Level 1 some fountains, a vault a long staircase Level 2 a hardware shop Level 3 a general store Level 4 an altar to Camaxtli, a vault stairs to The Gnomish Mines Level 5 (chest) a fountain Level 6 a vault Level 7 The Gnomish Mines: levels 5 to 7 Level 5 stairs to The Dungeons of Doom Level 6 Level 7 <- You were here a temple to Huhetotl, some fountains History has recorded: On T:1 you entered the Dungeons of Doom to retrieve the Amulet of Yendor! On T:580 you reached level 2 of The Dungeons of Doom. On T:857 you reached level 3 of The Dungeons of Doom. On T:1041 you reached level 4 of The Dungeons of Doom. On T:1893 you reached level 5 of The Dungeons of Doom. On T:1953 you reached level 1 of The Gnomish Mines. On T:2539 you reached level 2 of The Gnomish Mines. On T:3224 you reached level 3 of The Gnomish Mines. On T:4328 you reached level 6 of The Dungeons of Doom. On T:5705 you reached level 7 of The Dungeons of Doom. Score breakdown: Gold: 7480 (13177 points) Experience: 1 level ( 0 points) Exploration: 7 levels ( 14.58%) (10718 points) Discoveries: 12 items ( 3.97%) ( 5980 points) Valuables value: (no points given unless you survive) Artifact value: 0 ( 0 points) Variety of kills: 37 monsters ( 9.74%) ( 9361 points) Turncount: 6371 turns (-1712 points) Survival: died (score multiplied by 80%) Total score: 30019 Latest messages: The gnomish wizard turns to flee! The golden haze around the priestess of Huhetotl becomes less dense. The gnomish wizard turns to flee! The golden haze around the gnomish wizard becomes less dense. The jackal turns to flee! The gnomish wizard turns to flee! The gnomish wizard casts a spell! The force bolt misses you. The gnomish wizard casts a spell! The magic missile hits the gnomish wizard! The magic missile hits you! The magic missile bounces! The magic missile hits you! You hear the wailing of the Banshee... Something is written here in the dust. You read: "Elbereth". You see no objects here. You hear someone cursing shoplifters. You write in the dust with your fingers. The jackal bites! You die... Final status: Goodbye Alex the Archeologist, killed by a jackal... You died in The Gnomish Mines on dungeon level 7 with 30019 points, and 7480 pieces of gold, after 6371 moves. You were level 1 with a maximum of 18 hit points when you died.